 Dungeon Crawl Stone Soup version 0.25-a0-528-g6b7c99946c (webtiles) character file.

Game seed: 17470195793660463761, levelgen mode: deterministic

625783 Lugonue the Slayer (level 27, -7/258 HPs)
             Began as a Minotaur Fighter on Feb 18, 2020.
             Was the Champion of Wu Jian.
             Killed from afar by a Brimstone Fiend (19 damage)
             ... with damnation
             ... on level 2 of the Depths on Feb 19, 2020.
             The game lasted 03:06:31 (37827 turns).

Lugonue the Slayer (Minotaur Fighter)              Turns: 37827, Time: 03:06:32

Health: -7/258     AC: 39    Str: 44    XL:     27
Magic:  20/30      EV: 24    Int:  5    God:    Wu Jian [******]
Gold:   6252       SH: 11    Dex: 18    Spells: 26/26 levels left

rFire    + . .     SeeInvis +   a - +10 demon blade of Ecim {vamp, Str+4 Dex+4 SInv}
rCold    + + .     Gourm    .   l - +3 warlock's mirror {reflect}
rNeg     + + .     Faith    +   r - +4 gold dragon scales
rPois    +         Spirit   .   (helmet restricted)
rElec    .         Reflect  +   B - +1 cloak {+Inv}
rCorr    .         Harm     .   i - +2 pair of gloves of the Ageless Lives {MR+ Stlth+}
MR       +++..                  G - +1 pair of boots {run}
Stlth    ..........             M - amulet of Modesty {Faith Str+4}
HPRegen  0.53/turn              E - +5 ring of dexterity
MPRegen  0.22/turn              F - ring of Yqantubb {rC+ rN++ Str+4 Dex-3}

@: about to teleport, very slightly contaminated, glowing, studying 2 skills,
heavenly storm, quick
A: retaliatory headbutt, horns 2, iridescent scales 1, wild magic 1
}: 3/15 runes: barnacled, silver, gossamer
a: Wall Jump, Serpent's Lash, Heavenly Storm, Renounce Religion, Evoke
Invisibility


You were on level 2 of the Depths.
You worshipped Wu Jian.
Wu Jian was exalted by your worship.
You were not hungry.

You visited 9 branches of the dungeon, and saw 45 of its levels.
You visited the Abyss 2 times.
You visited 1 ziggurat, and saw 13 of its levels.
You also visited: Ossuary.

You collected 8655 gold pieces.
You spent 2403 gold pieces at shops.

Inventory:

Hand Weapons
 a - the +10 demon blade of Ecim (weapon) {vamp, Str+4 Dex+4 SInv}
   (You acquired it on level 3 of the Shoals)

   It inflicts no extra harm, but heals its wielder when it wounds a living foe.
   It affects your strength (+4).
   It affects your dexterity (+4).
   It lets you see invisible.
 b - a +5 scimitar of holy wrath
 e - a +6 vampiric demon blade
Missiles
 n - 30 javelins
 w - 5 throwing nets
 D - 83 silver javelins
 P - 30 boomerangs (quivered)
Armour
 c - a +9 crystal plate armour
 i - the +2 pair of gloves of the Ageless Lives (worn) {MR+ Stlth+}
   (You found it on level 3 of the Elven Halls)

   It affects your resistance to hostile enchantments.
   It makes you more stealthy.
   If you remove this armour, your AC will decrease by 4 (39 -> 35).
 l - the +3 warlock's mirror (worn) {reflect}
   (You found it on level 10 of the Dungeon)
 r - +4 gold dragon scales (worn)
 v - a +0 tower shield
 x - a +1 kite shield of cold resistance
 B - a +1 cloak of invisibility (worn)
 G - a +1 pair of boots of running (worn)
Jewellery
 p - an uncursed amulet of the acrobat
 E - a +5 ring of dexterity (left hand)
 F - the ring of Yqantubb (right hand) {rC+ rN++ Str+4 Dex-3}
   (You took it off a merfolk on level 4 of the Shoals)

   [ring of protection from cold]

   It affects your strength (+4).
   It affects your dexterity (-3).
   It protects you from cold.
   It greatly protects you from negative energy.
 M - the amulet of Modesty (around neck) {Faith Str+4}
   (You found it on level 3 of the Elven Halls)

   [amulet of faith]

   It allows you to gain divine favour quickly.
   It affects your strength (+4).
 Z - the ring "Wiplout" {+Fly MR+ Str+4 Dex-2}
   (You found it on level 5 of the Vaults)

   [ring of protection from magic]

   It affects your strength (+4).
   It affects your dexterity (-2).
   It affects your resistance to hostile enchantments.
   It lets you fly.
Wands
 q - a wand of disintegration (19)
 s - a wand of paralysis (15)
 y - a wand of scattershot (3)
 z - a wand of digging (19)
 C - a wand of enslavement (30)
 I - a wand of iceblast (31)
 J - a wand of acid (15)
Scrolls
 g - 18 scrolls of remove curse
 h - 13 scrolls of teleportation
 j - 25 scrolls of identify
 A - 2 scrolls of fog
 H - a scroll of blinking
 Q - 3 scrolls of fear
 S - a scroll of silence
 U - 5 scrolls of magic mapping
 V - a scroll of amnesia
Potions
 d - 2 potions of might
 m - 3 potions of mutation
 o - 7 potions of ambrosia
 t - a potion of haste
 u - a potion of cancellation
 N - 8 potions of resistance
 T - 3 potions of brilliance
 W - 11 potions of curing
Books
 k - a manual of Shields
 L - a manual of Armour
Comestibles
 f - 59 rations


   Skills:
 - Level 23.1 Fighting
 - Level 20.2 Long Blades
 - Level 16.3 Throwing
 - Level 21.1 Armour
 + Level 22.5 Dodging
 - Level 4.6 Stealth
 - Level 15.0 Shields
 - Level 11.4 Evocations


You had 26 spell levels left.
You didn't know any spells.
Your spell library contained the following spells:

 Spells                   Type           Power        Failure   Level  Hunger
 Animate Skeleton         Necr           N/A          96%         1    ##.....
 Corona                   Hex            #......      96%         1    ##.....
 Infusion                 Chrm           #...         96%         1    ##.....
 Pain                     Necr           #...         96%         1    ##.....
 Sandblast                Erth           #.....       96%         1    ##.....
 Shock                    Conj/Air       #...         96%         1    ##.....
 Sting                    Tmut/Pois      #...         96%         1    ##.....
 Summon Butterflies       Summ           #.......     96%         1    ##.....
 Summon Small Mammal      Summ           #...         96%         1    ##.....
 Blink                    Tloc           N/A          99%         2    ###....
 Call Imp                 Summ           #.......     99%         2    ###....
 Corpse Rot               Necr/Air       N/A          99%         2    ###....
 Ensorcelled Hibernation  Hex/Ice        #.....       99%         2    ###....
 Passwall                 Tmut/Erth      #.......     99%         2    ###....
 Poisonous Vapours        Pois/Air       #.....       99%         2    ###....
 Shroud of Golubria       Chrm/Tloc      #.....       99%         2    ###....
 Song of Slaying          Chrm           #.......     99%         2    ###....
 Sublimation of Blood     Necr           #.........   99%         2    ###....
 Call Canine Familiar     Summ           #.......     100%        3    ####...
 Confusing Touch          Hex            #.......     100%        3    ####...
 Conjure Flame            Conj/Fire      #.......     100%        3    ####...
 Dazzling Flash           Conj/Hex       #.....       100%        3    ####...
 Gell's Gravitas          Tloc           #.........   100%        3    ####...
 Ignite Poison            Fire/Tmut/Pois #.......     100%        3    ####...
 Lesser Beckoning         Tloc           #.........   100%        3    ####...
 Mephitic Cloud           Conj/Pois/Air  #.......     100%        3    ####...
 Ozocubu's Armour         Chrm/Ice       #.......     100%        3    ####...
 Portal Projectile        Hex/Tloc       #.....       100%        3    ####...
 Spectral Weapon          Hex/Chrm       #.......     100%        3    ####...
 Static Discharge         Conj/Air       #.......     100%        3    ####...
 Stone Arrow              Conj/Erth      #.....       100%        3    ####...
 Summon Guardian Golem    Hex/Summ       #.......     100%        3    ####...
 Teleport Other           Tloc           #.......     100%        3    ####...
 Tukima's Dance           Hex            #.......     100%        3    ####...
 Vampiric Draining        Necr           #.........   100%        3    ####...
 Airstrike                Air            #.........   100%        4    #####..
 Animate Dead             Necr           N/A          100%        4    #####..
 Cause Fear               Hex            #.........   100%        4    #####..
 Dispel Undead            Necr           #.......     100%        4    #####..
 Hailstorm                Conj/Ice       #.......     100%        4    #####..
 Iskenderun's Mystic Bla  Conj/Tloc      #.......     100%        4    #####..
 Olgreb's Toxic Radiance  Pois           #.......     100%        4    #####..
 Passage of Golubria      Tloc           N/A          100%        4    #####..
 Petrify                  Tmut/Erth      #.......     100%        4    #####..
 Summon Ice Beast         Ice/Summ       #.......     100%        4    #####..
 Summon Lightning Spire   Summ/Air       #.......     100%        4    #####..
 Agony                    Necr           #.......     100%        5    ######.
 Alistair's Intoxication  Tmut/Pois      #.......     100%        5    ######.
 Bolt of Magma            Conj/Fire/Erth #.........   100%        5    ######.
 Borgnjor's Vile Clutch   Necr/Erth      #.........   100%        5    ######.
 Excruciating Wounds      Chrm/Necr      #.........   100%        5    ######.
 Irradiate                Conj/Tmut      #.........   100%        5    ######.
 Iskenderun's Battlesphe  Conj/Chrm      #.......     100%        5    ######.
 Lee's Rapid Deconstruct  Erth           #.........   100%        5    ######.
 Lightning Bolt           Conj/Air       #.........   100%        5    ######.
 Metabolic Englaciation   Hex/Ice        #.........   100%        5    ######.
 Summon Mana Viper        Hex/Summ       #.......     100%        5    ######.
 Yara's Violent Unravell  Hex/Tmut       #.........   100%        5    ######.
 Death Channel            Necr           #.........   100%        6    #######
 Eringya's Noxious Bog    Tmut/Pois      #.........   100%        6    #######
 Freezing Cloud           Conj/Ice/Air   #.........   100%        6    #######
 Iron Shot                Conj/Erth      #.........   100%        6    #######
 Simulacrum               Ice/Necr       #.........   100%        6    #######
 Haunt                    Necr/Summ      #.........   100%        7    #######
 Malign Gateway           Summ/Tloc      #.........   100%        7    #######
 Orb of Destruction       Conj           #.........   100%        7    #######
 Ring of Flames           Chrm/Fire      #.........   100%        7    #######
 Spellforged Servitor     Conj/Summ      #.........   100%        7    #######
 Summon Hydra             Summ           #.........   100%        7    #######
 Borgnjor's Revivificati  Necr           #.........   100%        8    #######
 Chain Lightning          Conj/Air       #.........   100%        8    #######
 Controlled Blink         Tloc           N/A          100%        8    #######
 Death's Door             Chrm/Necr      #.........   100%        8    #######
 Ignition                 Fire           #.........   100%        8    #######
 Infestation              Necr           #.........   100%        8    #######
 Lehudib's Crystal Spear  Conj/Erth      #.........   100%        8    #######
 Necromutation            Tmut/Necr      #.........   100%        8    #######
 Fire Storm               Conj/Fire      #.........   100%        9    #######
 Glaciate                 Conj/Ice       #.........   100%        9    #######
 Shatter                  Erth           #.........   100%        9    #######
 Tornado                  Air            #.........   100%        9    #######


Dungeon Overview and Level Annotations

Branches:
Dungeon (15/15)            Temple (0/1) D:4            Lair (6/6) D:11
 Shoals (4/4) Lair:4       Spider (4/4) Lair:4        Slime (0/5) Lair:6
    Orc (2/2) D:11            Elf (3/3) Orc:2        Vaults (5/5) D:13
 Depths (5/5) D:15            Zot (1/5) Depths:5    Ossuary (visited)
  Crypt: Vaults:2-3

Altars:
Cheibriados
Elyvilon
Gozag
Nemelex Xobeh
Okawaru
Qazlal
Ru
Trog
Uskayaw
Wu Jian
Xom
Yredelemnul

Shops:
D:7 [%=:   D:9 [   D:12 %   Orc:2 (!}*   Vaults:2 :   Vaults:4 (   Depths:3 [(
Depths:5 ==}

Portals:
Hell: Depths:2 Depths:3 Depths:5
Abyss: Depths:3
Pandemonium: Orc:2 Depths:2 Depths:3 Depths:5
Trove: D:12 (lose all piety)

Annotations:
D:10 3 runed translucent doors, Gruesome's ghost, novice GnWn
Lair:3 2 transporters, Somi's ghost, journeyman MiBe
Spider:2 Donald
Spider:3 2 transporters, kae's ghost, adept DsGl


Innate Abilities, Weirdness & Mutations

You reflexively headbutt those who attack you in melee.
You have a pair of horns on your head.
You are partially covered in iridescent scales. (AC +2)
Your spells are a little harder to cast, but a little more powerful.


Message History

Unknown command.
Okay, then.
Unknown command.
Blink to where?
Press: ? - help, Dir - move target cursor
As you read the scroll of blinking, it crumbles to dust.
You feel sick.
As you read the scroll of teleportation, it crumbles to dust.
You feel strangely unstable.
You feel better.
The Brimstone Fiend completely misses you.
You riposte.
You hit the Brimstone Fiend but do no damage.
You block the Brimstone Fiend's attack.
The Brimstone Fiend completely misses you.
You slice the Brimstone Fiend!! You headbutt the Brimstone Fiend!
The Brimstone Fiend is moderately wounded.
The Brimstone Fiend gestures at you.
The sphere of damnation explodes!
The damnation engulfs you!!
You die...

#.# ##..... #.# #......
#.# ###......
#.##########........
#...................
############........
##...#..∩.....
######.............
#☼@§§...≈≈.........
##1####..≈≈.#.......
#☼§☼.....≈≈.........
##.☼§☼☼☼..≈≈.≈≈......
#..§§§1☼..≈≈.≈≈......
##..○☼☼○§..≈≈....#....
#...§§○§§.....##......
##...☼§§☼§......###....
#......................


You could see a Brimstone Fiend.

Vanquished Creatures
  A juggernaut (Zig:6)
  A caustic shrike (Zig:10)
  2 golden dragons
  A profane servitor (Depths:5)
  Jory (Vaults:4)
  A bone dragon (Depths:5)
  A lich (Vaults:5)
  4 tentacled monstrosities
  2 hellephants (Zig:10)
  Jorgrun (Elf:2)
  Asterion (Elf:2)
  A deep elf master archer (Elf:3)
  6 deep elf blademasters
  5 titans
  A quicksilver dragon (Vaults:5)
  Polyphemus (Shoals:2)
  2 tentacled starspawn
  2 death cobs (Zot:1)
  A sphinx (Vaults:4)
  A kraken (Shoals:4)
  A thorn hunter (Zig:12)
  6 shadow dragons
  2 draconian monks (Zig:9)
  Roxanne (D:14)
  3 storm dragons
  Ilsuiw (Shoals:2)
  3 nagarajas (Zig:7)
  7 tengu reavers
  9 frost giants
  7 fire giants
  10 deep elf sorcerers
  2 draconian knights
  A cacodemon (Zig:11)
  2 iron dragons
  A draconian scorcher (Zot:1)
  3 emperor scorpions
  9 vault wardens
  A draconian shifter (Depths:5)
  4 ghost moths
  5 deep elf elementalists
  3 draconian stormcallers (Zig:9)
  14 ironheart preservers
  2 war gargoyles (Vaults:5)
  18 stone giants
  16 very ugly things
  4 entropy weavers
  A corrupter (Zig:13)
  5 green draconians
  A lorocyproca (Zig:13)
  Azrael (Spider:3)
  2 black draconians (Zot:1)
  A spark wasp (shapeshifter) (Vaults:5)
  5 deep elf demonologists
  7 deep elf annihilators
  4 white draconians
  A purple draconian (Depths:5)
  7 spark wasps
  2 red draconians (Zig:9)
  3 yellow draconians (Depths:5)
  10 ettins
  10 deep elf death magi
  6 merfolk javelineers
  Josephine (D:10)
  2 pearl dragon zombies (Depths:5)
  12 fire dragons
  10 deep elf high priests
  12 merfolk impalers
  13 yaktaur captains
  Harold (D:8)
  7 ice dragons
  7 great orbs of eyes
  18 hydras
  Fannar (D:10)
  29 vault guards
  2 rakshasas
  A spriggan air mage (Depths:2)
  2 catoblepae
  Erica (D:8)
  2 shambling mangroves (Zig:12)
  A merfolk avatar (Shoals:3)
  4 death knights
  5 deep troll shamans
  7 merfolk aquamancers
  A ghost crab (Zig:12)
  8 ogre magi
  7 large abominations
  3 tengu warriors (Depths:2)
  A satyr (Shoals:3)
  9 centaur warriors
  20 dancing weapons
  29 two-headed ogres
  3 hell hogs (Depths:5)
  9 death yaks
  5 thrashing horrors
  6 orc high priests (Orc:2)
  5 deep troll earth magi
  2 shock serpents (Zig:7)
  16 deep elf knights
  A naga sharpshooter (Zig:7)
  A sun demon (Orc:2)
  2 wretched stars
  2 iron trolls (Depths:3)
  A titan skeleton (Vaults:4)
  6 skeletal warriors
  A salamander mystic (Depths:3)
  A spatial maelstrom (Zig:11)
  A sixfirhy (Abyss:2)
  5 flayed ghosts
  4 shadow wraiths
  An unseen horror (shapeshifter) (Vaults:1)
  An infernal demonspawn (Orc:2)
  A swamp dragon (Zig:12)
  19 deep trolls
  9 sea snakes
  A spriggan druid (Zig:12)
  2 torturous demonspawn (Orc:2)
  6 glowing orange brains
  12 deep elf archers
  11 wizards
  An orange crystal statue (Elf:2)
  A lindwurm (Lair:6)
  7 ironbrand convokers
  A shadow demon (Depths:2)
  16 harpies
  16 orc knights
  20 wolf spiders
  10 orb spiders
  5 orc sorcerers
  4 necromancers
  30 ugly things
  63 deep elf magi
  7 fauns
  An oklob plant (D:11)
  A salamander (shapeshifter) (Vaults:2)
  A stone giant zombie (Vaults:5)
  6 cyclopes
  A tengu skeleton (Zig:11)
  2 worldbinders
  6 moths of wrath
  4 salamanders
  8 manticores
  4 apis skeletons (Depths:5)
  9 merfolk sirens
  A centaur zombie (D:13)
  19 black mambas
  12 elephants
  7 vault sentinels
  14 spiny frogs
  6 water nymphs
  A naga mage (Zig:7)
  3 molten gargoyles (Lair:6)
  2 guardian serpents (Depths:3)
  2 torpor snails
  A titan simulacrum (Vaults:5)
  2 apocalypse crabs
  2 gargoyles
  A hellion (Depths:3)
  A storm dragon simulacrum (Vaults:1)
  An orange demon (Orc:2)
  A kobold demonologist (D:12)
  19 yaktaurs
  A spiny frog (shapeshifter) (Depths:2)
  A yaktaur (shapeshifter) (Vaults:1)
  A komodo dragon (shapeshifter) (Depths:2)
  12 freezing wraiths
  A hellwing (Orc:2)
  A tormentor (Zig:13)
  14 komodo dragons
  11 demonic crawlers
  2 ice devils (Orc:2)
  2 ancient zymes
  2 yaktaur skeletons
  3 tengu conjurers (Depths:2)
  7 trolls
  A polar bear (Lair:5)
  A merfolk (shapeshifter) (Depths:2)
  25 jumping spiders
  48 merfolk
  8 slime creatures (Depths:2)
  Grinder (D:4)
  A jumping spider (shapeshifter) (Vaults:5)
  A meliai (shapeshifter) (D:15)
  6 wind drakes
  3 tyrant leeches (Zig:12)
  11 hornets
  16 hippogriffs
  A bog body (Zig:12)
  2 raiju
  10 dream sheep
  19 blink frogs
  7 snapping turtles
  2 stone giant simulacra
  40 redbacks
  A redback (shapeshifter) (Vaults:5)
  28 water elementals
  3 wyverns
  37 yaks
  8 wraiths
  5 air elementals
  19 tarantellas
  A vampire (D:11)
  A ynoxinul (Abyss:2)
  A tarantella (shapeshifter) (Vaults:4)
  6 fire elementals
  12 basilisks
  4 chaos spawn
  2 humans (shapeshifter)
  A yaktaur simulacrum (Vaults:5)
  A steam dragon (Lair:6)
  6 vampire mosquitoes
  A hungry ghost (D:12)
  A warg (shapeshifter) (Vaults:1)
  A harpy simulacrum (Vaults:1)
  2 human zombies
  A deep troll zombie (Vaults:5)
  A swamp worm (shapeshifter) (Vaults:5)
  2 soldier ants (shapeshifter)
  An acid dragon (Vaults:1)
  A naga (Zig:7)
  7 wargs
  12 water moccasins
  7 hell hounds
  4 ice beasts
  A floating eye (shapeshifter) (Vaults:5)
  40 orc warriors
  10 porcupines
  2 phantoms
  3 sky beasts
  2 black bears (D:11)
  2 eyes of draining
  A black bear (shapeshifter) (Elf:2)
  24 ogres
  2 hornet zombies (D:13)
  4 swamp drakes (Zig:12)
  10 wolves
  11 boggarts
  2 human skeletons
  13 crocodiles
  4 small abominations
  15 centaurs
  A crocodile (shapeshifter) (Vaults:3)
  A big kobold (shapeshifter) (Depths:2)
  3 big kobolds
  15 bullfrogs
  3 earth elementals
  6 scorpions
  A wight (D:13)
  50 killer bees
  3 electric eels
  5 howler monkeys
  7 lava snakes
  11 crimson imps
  4 quasits
  9 starcursed masses (Zig:11)
  2 bullfrog zombies
  4 hounds
  6 iguanas
  27 orc priests
  7 centaur skeletons
  15 jellies
  2 bullfrog skeletons
  Terence (D:2)
  12 orc wizards
  12 worker ants
  A big kobold zombie (Ossuary)
  A hound zombie (D:9)
  3 hound skeletons
  8 mummies (Ossuary)
  A howler monkey zombie (D:8)
  Robin (D:4)
  3 worker ant zombies
  7 gnolls
  12 adders
  6 shadow imps
  4 oozes
  3 adder skeletons
  4 worms
  A dart slug (D:3)
  3 leopard geckos
  84 orcs
  4 giant cockroaches
  A gnoll zombie (Ossuary)
  19 goblins
  5 hobgoblins
  5 jackals
  5 quokkas
  2 ball pythons (D:3)
  5 bats
  3 frilled lizards
  A hobgoblin zombie (Ossuary)
  A jackal skeleton (D:5)
  A jackal zombie (D:5)
  11 kobolds
  2 kobold zombies (Ossuary)
  A leopard gecko zombie (D:4)
  3 orc zombies (Ossuary)
  8 rats
  2 briar patches (Zig:12)
  5 crawling corpses
  A lurking horror (Abyss:2)
  2 plants
  A starspawn tentacle (Zig:11)
  2 tentacles (Shoals:4)
1929 creatures vanquished.

Vanquished Creatures (collateral kills)
  A hydra (Zig:12)
  2 orc sorcerers (Orc:2)
  A merfolk siren (Shoals:2)
4 creatures vanquished.

Vanquished Creatures (others)
  A stone giant (Depths:3)
  A merfolk javelineer (Shoals:4)
  A centaur warrior (Vaults:2)
  A satyr (Shoals:3)
  2 deep elf knights
  An orc knight (Orc:2)
  3 deep elf archers
  A deep elf mage (Elf:2)
  An orc sorcerer (Orc:2)
  A faun (Shoals:1)
  A moth of wrath (Zot:1)
  2 yaktaurs (Vaults:4)
  A dream sheep (Shoals:3)
  A water elemental (Elf:2)
  An insubstantial wisp (Zig:12)
  A water moccasin (Zig:10)
  A hell hound (Lair:6)
  2 orc warriors
  A sky beast (D:8)
  6 centaurs
  An orc (D:14)
  2 briar patches (Zig:12)
  7 fungi
  24 plants
  12 starspawn tentacles
  2 tentacles (Shoals:4)
  8 toadstools (Lair:1)
86 creatures vanquished.

Grand Total: 2019 creatures vanquished

Notes
Turn   | Place    | Note
-------+----------+-------------------------------------------
     0 | D:1      | Lugonue the Minotaur Fighter began the quest for the Orb.
     0 | D:1      | Reached XP level 1. HP: 19/19 MP: 0/0
   423 | D:1      | Reached XP level 2. HP: 27/27 MP: 1/1
   696 | D:2      | Reached skill level 4 in Fighting
   829 | D:2      | Reached XP level 3. HP: 29/33 MP: 2/2
   859 | D:2      | Reached XP level 4. HP: 32/41 MP: 3/3
   969 | D:2      | Noticed Terence
   972 | D:2      | Killed Terence
  1311 | D:3      | Found a faded altar of an unknown god.
  1330 | D:3      | Became a worshipper of the Wu Jian Council
  1330 | D:3      | Reached * piety under Wu Jian
  1372 | D:3      | Reached skill level 5 in Armour
  1372 | D:3      | Reached XP level 5. HP: 38/47 MP: 4/4
  2123 | D:3      | Reached ** piety under Wu Jian
  2319 | D:4      | Noticed Grinder
  2321 | D:4      | Paralysed by Grinder for 7 turns
  2327 | D:4      | HP: 2/47 [Grinder (5)]
  2663 | D:4      | Found a sacrificial altar of Ru.
  2681 | D:4      | Reached XP level 6. HP: 53/53 MP: 5/5
  2688 | D:4      | Reached skill level 1 in Dodging
  2691 | D:4      | Reached skill level 5 in Shields
  2864 | D:4      | Paralysed by Grinder for 6 turns
  2882 | D:4      | Paralysed by Grinder for 3 turns
  2895 | D:4      | Killed Grinder
  2895 | D:4      | Reached skill level 5 in Long Blades
  2895 | D:4      | Reached XP level 7. HP: 25/60 MP: 6/6
  3201 | D:4      | Noticed Robin
  3222 | D:4      | Killed Robin
  3253 | D:4      | Found an opulent altar of Gozag.
  3511 | D:4      | Found a staircase to the Ecumenical Temple.
  3524 | D:4      | Reached skill level 5 in Fighting
  3524 | D:4      | Reached skill level 1 in Throwing
  3808 | D:5      | Entered Level 5 of the Dungeon
  3861 | D:5      | Found a white marble altar of Elyvilon.
  4499 | D:6      | Reached XP level 8. HP: 64/69 MP: 7/7
  4657 | D:6      | Reached skill level 1 in Stealth
  4799 | D:6      | Reached skill level 6 in Fighting
  4990 | D:6      | Found a basalt altar of Yredelemnul.
  4990 | D:6      | Found a hide-covered altar of Uskayaw.
  5107 | D:7      | Found Xisighes's Food Shoppe.
  5142 | D:7      | Found Okorioth's Armour Shoppe.
  5146 | D:7      | Bought a +0 cloak of invisibility for 149 gold pieces
  5149 | D:7      | Found Ryufexa's Jewellery Shoppe.
  5177 | D:7      | Found a sparkling altar of Nemelex Xobeh.
  5180 | D:7      | Reached *** piety under Wu Jian
  5379 | D:7      | Found a sand-covered staircase.
  5386 | Ossuary  | Entered an ossuary
  5599 | D:7      | Reached XP level 9. HP: 75/75 MP: 8/8
  5605 | D:7      | Found Juets's Book Shop.
  5673 | D:7      | Noticed a two-headed ogre
  5681 | D:7      | Killed a two-headed ogre
  5737 | D:7      | Gained mutation: You can translocate small distances at
                  | will. [potion of mutation]
  5737 | D:7      | Gained mutation: Armour fits poorly on your strangely
                  | shaped body. [potion of mutation]
  5737 | D:7      | Gained mutation: Your skin changes colour to match your
                  | surroundings (Stealth+). [potion of mutation]
  5737 | D:7      | Gained mutation: You are resistant to electric shocks.
                  | (rElec) [potion of mutation]
  5778 | D:7      | Reached **** piety under Wu Jian
  6332 | D:8      | Found a bloodstained altar of Trog.
  6332 | D:8      | Found an iron altar of Okawaru.
  6361 | D:8      | Reached skill level 10 in Long Blades
  6372 | D:8      | Reached skill level 7 in Fighting
  6416 | D:8      | Noticed Harold
  6731 | D:8      | Noticed Erica
  6883 | D:8      | Killed Erica
  6883 | D:8      | Reached XP level 10. HP: 34/86 MP: 9/9
  7494 | D:8      | Killed Harold
  7659 | D:8      | Got a pair of fine gloves
  7670 | D:8      | Identified the -4 pair of gloves "Qyus" {rPois Str-2 Int+8}
                  | (You found it on level 8 of the Dungeon)
  7948 | D:9      | Found Lewa's Armour Shop.
  7955 | D:9      | Bought a +2 plate armour of fire resistance for 480 gold
                  | pieces
  8058 | D:9      | Reached skill level 8 in Fighting
  8159 | D:9      | Found a snail-covered altar of Cheibriados.
  8661 | D:10     | Entered Level 10 of the Dungeon
  8904 | D:10     | Noticed Fannar
  8906 | D:10     | Found a runed translucent gate.
  8906 | D:10     | Found a runed translucent gate.
  8906 | D:10     | Noticed a ten-headed hydra
  8907 | D:10     | Found a runed translucent gate.
  8909 | D:10     | Noticed Gruesome's ghost (novice GnWn)
  8914 | D:10     | Killed Fannar
  8914 | D:10     | Reached skill level 5 in Dodging
  8950 | D:10     | Noticed Josephine
  8952 | D:10     | Noticed a wizard
  8966 | D:10     | Killed Josephine
  8966 | D:10     | Reached XP level 11. HP: 73/95 MP: 10/10
  8985 | D:10     | Killed a wizard
  9006 | D:10     | Noticed a wizard
  9020 | D:10     | Killed a wizard
  9055 | D:10     | Noticed a wizard
  9066 | D:10     | Killed a wizard
  9066 | D:10     | Reached skill level 9 in Fighting
  9072 | D:10     | Noticed a wizard
  9246 | D:10     | Killed a wizard
  9293 | D:10     | Reached ***** piety under Wu Jian
  9293 | D:10     | Reached skill level 10 in Armour
  9402 | D:10     | Noticed a wizard
  9408 | D:10     | Killed a wizard
  9453 | D:10     | Noticed a wizard
  9464 | D:10     | Cast into level 3 of the Abyss (a wizard)
  9464 | Abyss:3  | Found a shimmering blue altar of Sif Muna.
  9467 | D:10     | Escaped the Abyss
  9494 | D:10     | Cast into level 2 of the Abyss (a wizard)
  9529 | Abyss:2  | Noticed a bone dragon
  9542 | Abyss:2  | Noticed a tentacled starspawn
  9627 | Abyss:2  | Noticed a sixfirhy
  9640 | Abyss:2  | Killed a sixfirhy
  9656 | Abyss:2  | Noticed a deep elf archer
  9661 | Abyss:2  | Noticed a deep elf mage
  9661 | Abyss:2  | Noticed a deep elf knight
  9661 | Abyss:2  | Reached skill level 10 in Shields
  9668 | Abyss:2  | Noticed a tentacled starspawn
  9677 | Abyss:2  | Noticed a thrashing horror
  9683 | Abyss:2  | Killed a thrashing horror
  9692 | Abyss:2  | Noticed a thrashing horror
  9699 | Abyss:2  | Killed a thrashing horror
  9743 | Abyss:2  | Reached skill level 10 in Fighting
  9778 | Abyss:2  | Noticed a spatial maelstrom
  9847 | Abyss:2  | Noticed a thrashing horror
  9857 | Abyss:2  | Killed a thrashing horror
  9857 | Abyss:2  | Reached XP level 12. HP: 87/106 MP: 11/11
  9859 | Abyss:2  | Noticed a tentacled starspawn
  9866 | Abyss:2  | Killed a tentacled starspawn
  9872 | D:10     | Escaped the Abyss
  9948 | D:10     | Found the +3 warlock's mirror {reflect}
  9952 | D:10     | Reached skill level 1 in Evocations
 10214 | D:11     | Found a gate leading to a gauntlet.
 10228 | D:11     | Noticed a four-headed hydra
 10240 | D:11     | Killed a one-headed hydra
 10251 | D:11     | Noticed a four-headed hydra
 10258 | D:11     | Killed a one-headed hydra
 10602 | D:11     | Reached skill level 11 in Fighting
 11211 | D:11     | Found a staircase to the Orcish Mines.
 11260 | D:11     | You fall into a shaft and drop 1 floor!
 11372 | D:12     | Noticed a four-headed hydra
 11376 | D:12     | Killed a two-headed hydra
 11426 | D:12     | Noticed a two-headed ogre
 11437 | D:12     | Killed a two-headed ogre
 11521 | D:12     | Reached XP level 13. HP: 70/116 MP: 13/13
 11836 | D:12     | Found a portal to a secret trove of treasure.
 11984 | D:12     | Reached skill level 5 in Throwing
 12105 | D:12     | Found Oqem's Food Shop.
 12442 | D:11     | Found a staircase to the Lair.
 12458 | Lair:1   | Entered Level 1 of the Lair of Beasts
 12671 | Lair:1   | Reached skill level 12 in Fighting
 12837 | Lair:1   | Reached skill level 15 in Long Blades
 13645 | Lair:3   | Found a transporter.
 13653 | Lair:3   | Noticed Somi's ghost (journeyman MiBe)
 13725 | Lair:3   | Reached ****** piety under Wu Jian
 14011 | Lair:3   | Found a transporter.
 14366 | Lair:4   | Found a hole to the Spider Nest.
 14508 | Lair:4   | Reached XP level 14. HP: 73/127 MP: 14/14
 14733 | Lair:4   | Found a staircase to the Shoals.
 15007 | Lair:5   | Got a translucent long sword
 15008 | Lair:5   | Identified the cursed +0 long sword of Qoaps {vorpal, rPois
                  | rC++ Str+2} (You found it on level 5 of the Lair of Beasts)
 15031 | Lair:5   | Reached skill level 13 in Fighting
 15223 | Lair:5   | Found a dark tunnel.
 15768 | Lair:6   | Entered Level 6 of the Lair of Beasts
 15807 | Lair:6   | Found a stormy altar of Qazlal.
 16143 | Lair:6   | Found a staircase to the Slime Pits.
 17136 | Lair:6   | Found a large runed translucent door.
 17140 | Lair:6   | Reached skill level 14 in Fighting
 17207 | Lair:6   | Found a large runed translucent door.
 17520 | Orc:1    | Entered Level 1 of the Orcish Mines
 17535 | Orc:1    | Reached XP level 15. HP: 101/138 MP: 15/15
 17773 | Orc:2    | Entered Level 2 of the Orcish Mines
 17773 | Orc:2    | Found a staircase to the Elven Halls.
 18184 | Orc:2    | Found Totish's Distillery.
 18196 | Orc:2    | Found Opnuplua's General Store.
 18281 | Orc:2    | Bought a scroll of enchant armour for 82 gold pieces
 18281 | Orc:2    | Bought a scroll of enchant armour for 82 gold pieces
 18586 | Orc:2    | Found Rasobrom's Gadget Emporium.
 18586 | Orc:2    | Found Fobbior's Antique Weapon Shoppe.
 18586 | Orc:2    | Found a one-way gate leading to the halls of Pandemonium.
 18767 | D:7      | Bought a +2 crystal plate armour for 1196 gold pieces
 18915 | Spider:1 | Entered Level 1 of the Spider Nest
 19268 | Shoals:1 | Entered Level 1 of the Shoals
 20030 | Shoals:2 | Reached skill level 10 in Throwing
 20030 | Shoals:2 | Reached skill level 15 in Armour
 20303 | Shoals:2 | Noticed Polyphemus
 20354 | Shoals:1 | Lost mutation: Armour fits poorly on your strangely shaped
                  | body. [potion of mutation]
 20354 | Shoals:1 | Lost mutation: You are resistant to electric shocks.
                  | (rElec) [potion of mutation]
 20354 | Shoals:1 | Gained mutation: Your body sometimes deteriorates upon
                  | taking damage. [potion of mutation]
 20354 | Shoals:1 | Gained mutation: Your muscles are strong. (Str +2) [potion
                  | of mutation]
 20354 | Shoals:1 | Lost mutation: Your muscles are strong. (Str +2) [potion of
                  | mutation]
 20354 | Shoals:1 | Gained mutation: Your movements are slightly less
                  | encumbered by armour. (ER -2) [potion of mutation]
 20355 | Shoals:1 | Lost mutation: Your body sometimes deteriorates upon taking
                  | damage. [potion of mutation]
 20355 | Shoals:1 | Lost mutation: You can translocate small distances at will.
                  | [potion of mutation]
 20355 | Shoals:1 | Lost mutation: Your skin changes colour to match your
                  | surroundings (Stealth+). [potion of mutation]
 20355 | Shoals:1 | Gained mutation: Your flesh is cold resistant. (rC+)
                  | [potion of mutation]
 20355 | Shoals:1 | Gained mutation: Your spells are a little harder to cast,
                  | but a little more powerful. [potion of mutation]
 20656 | Shoals:2 | Killed Polyphemus
 20731 | Shoals:2 | Reached XP level 16. HP: 70/147 MP: 17/17
 21023 | Shoals:2 | Noticed Ilsuiw
 21375 | Shoals:2 | Killed Ilsuiw
 21826 | Shoals:3 | Identified a scroll of acquirement
 21826 | Shoals:3 | Identified the +0 pair of gloves of Space {rElec} (You
                  | acquired it on level 3 of the Shoals)
 21914 | Shoals:3 | Identified the +10 demon blade of Ecim {vamp, Str+4 Dex+4
                  | SInv} (You acquired it on level 3 of the Shoals)
 22078 | Shoals:3 | Got a transparent fustibalus
 22079 | Shoals:3 | Identified the cursed +0 fustibalus of Currency {speed,
                  | rElec rF+ Str-5} (You found it on level 3 of the Shoals)
 22343 | Shoals:4 | Entered Level 4 of the Shoals
 22424 | Shoals:4 | Reached skill level 15 in Fighting
 22679 | Shoals:4 | Reached skill level 15 in Shields
 22743 | Shoals:4 | Identified the ring of Yqantubb {rC+ rN++ Str+4 Dex-3}
 22852 | Shoals:4 | Noticed a kraken
 22869 | Shoals:4 | Killed a kraken
 22906 | Shoals:4 | Got a barnacled rune of Zot
 23190 | Spider:1 | You fall into a shaft and drop 1 floor!
 23402 | Spider:4 | Entered Level 4 of the Spider Nest
 23506 | Spider:4 | Reached XP level 17. HP: 156/156 MP: 18/18
 24465 | Spider:4 | Got a gossamer rune of Zot
 24618 | Spider:3 | Noticed Azrael
 24630 | Spider:3 | Killed Azrael
 24659 | Spider:3 | Found a transporter.
 24662 | Spider:3 | Noticed kae's ghost (adept DsGl)
 24663 | Spider:3 | Found a transporter.
 24738 | Spider:2 | Noticed Donald
 24923 | Elf:1    | Entered Level 1 of the Elven Halls
 24940 | Elf:1    | Reached skill level 16 in Fighting
 25893 | Elf:2    | Found a huge runed translucent gate.
 25895 | Elf:2    | Found a huge runed translucent gate.
 25895 | Elf:2    | Found a huge runed translucent gate.
 25896 | Elf:2    | Found a huge runed translucent gate.
 25896 | Elf:2    | Found a huge runed translucent gate.
 25896 | Elf:2    | Noticed Jorgrun
 25904 | Elf:2    | Killed Jorgrun
 25904 | Elf:2    | Reached XP level 18. HP: 156/166 MP: 19/19
 26238 | Elf:2    | Identified the -5 kite shield "Doureuroi" {rF+ rC- rCorr}
 26238 | Elf:2    | Noticed Asterion
 26248 | Elf:2    | Killed Asterion
 26365 | Elf:3    | Entered Level 3 of the Elven Halls
 26736 | Elf:3    | Reached skill level 17 in Fighting
 26855 | Elf:3    | Reached skill level 15 in Throwing
 26886 | Elf:3    | Identified the ring of Cecarhin {*Corrode rElec Dex+5
                  | Stlth+}
 26908 | Elf:3    | Identified the +6 war axe "Xikiod" {venom, MR+}
 26908 | Elf:3    | Identified the ring "Zozaf" {MP+9 Int+5 Dex+4}
 26910 | Elf:3    | Noticed a Hell Sentinel
 26956 | Elf:3    | Found the +0 sword of Power
 26980 | Elf:3    | Identified the cursed +3 long sword "Locydynt" {vorpal,
                  | rPois}
 26988 | Elf:3    | Reached skill level 5 in Evocations
 27042 | Elf:3    | Got a translucent crystal amulet
 27054 | Elf:3    | Identified the amulet of Modesty {Faith Str+4} (You found
                  | it on level 3 of the Elven Halls)
 27068 | Elf:3    | Got a pair of dazzling gloves
 27079 | Elf:3    | Identified the +2 pair of gloves of the Ageless Lives {MR+
                  | Stlth+} (You found it on level 3 of the Elven Halls)
 27191 | Elf:3    | Identified the cursed +2 glaive of Valiance {vorpal, rElec}
 27215 | Elf:3    | Reached XP level 19. HP: 142/177 MP: 21/21
 28319 | D:13     | Found a gate to the Vaults.
 28648 | Vaults:1 | Entered Level 1 of the Vaults
 28937 | Vaults:1 | Reached skill level 18 in Fighting
 29473 | Vaults:2 | Found Caqibaes's Book Boutique.
 29877 | Vaults:3 | Reached skill level 19 in Fighting
 29898 | Vaults:3 | Reached XP level 20. HP: 191/191 MP: 23/23
 30386 | Vaults:4 | Noticed Jory
 30402 | Vaults:4 | Killed Jory
 30629 | Vaults:4 | Found Faczudom's Antique Weapon Emporium.
 30688 | Vaults:4 | Bought a brightly glowing scimitar for 414 gold pieces
 30688 | Vaults:4 | Identified the cursed +3 scimitar of Exoneration {flame,
                  | MR+ Dex+4 Stlth+} (You bought it in a shop on level 4 of
                  | the Vaults)
 30798 | Vaults:4 | Reached skill level 20 in Fighting
 30916 | Vaults:5 | Entered Level 5 of the Vaults
 30988 | Vaults:5 | Identified the cursed +2 war axe "Acaij" {vorpal, rC+}
 31001 | Vaults:5 | Reached skill level 21 in Fighting
 31254 | Vaults:5 | Got a serpentine amber ring
 31331 | Vaults:5 | Reached XP level 21. HP: 194/205 MP: 25/25
 31644 | Vaults:5 | Reached skill level 22 in Fighting
 31895 | Vaults:5 | Identified the Papyrus of Translocation and Enchantment
 31915 | Vaults:5 | Found the +6 shillelagh "Devastator" {shatter}
 31946 | Vaults:5 | Got a silver rune of Zot
 32280 | Vaults:5 | Reached skill level 10 in Dodging
 32303 | Vaults:5 | Found the +7 pair of quick blades "Gyre" and "Gimble"
                  | {protect}
 32326 | Vaults:5 | Identified the cursed ring "Fiumuh" {AC-3 Dex+3 Stlth+}
                  | (You found it on level 5 of the Vaults)
 32329 | Vaults:5 | Got a pitted long sword
 32330 | Vaults:5 | Identified the +10 long sword of Exchange {vorpal, MR+}
                  | (You found it on level 5 of the Vaults)
 32449 | Vaults:5 | Found the +2 hat of the Bear Spirit {Spirit, +Rage rN+
                  | MR++}
 32483 | Vaults:5 | Got a vibrating amber ring
 32485 | Vaults:5 | Identified the ring "Wiplout" {+Fly MR+ Str+4 Dex-2} (You
                  | found it on level 5 of the Vaults)
 32504 | Vaults:5 | Reached skill level 23 in Fighting
 32523 | Vaults:5 | Found the +4 moon troll leather armour {Spirit, Regen++
                  | MP+5}
 32922 | D:14     | Noticed Roxanne
 32936 | D:14     | Killed Roxanne
 33050 | D:15     | Entered Level 15 of the Dungeon
 33345 | D:15     | Found a staircase to the Depths.
 33353 | Depths:1 | Entered Level 1 of the Depths
 33402 | Depths:1 | Identified the amulet "Qucijoim" {Spirit rN+} (You acquired
                  | it on level 1 of the Depths)
 33492 | Depths:2 | Found a gateway to Hell.
 33575 | Depths:2 | Reached XP level 22. HP: 220/220 MP: 27/27
 33774 | Depths:2 | Found a gateway to a ziggurat.
 34417 | Depths:3 | Reached skill level 15 in Dodging
 34447 | Depths:3 | Upgraded the game from 0.25-a0-523-g9afb2ee040 to
                  | 0.25-a0-528-g6b7c99946c
 34570 | Depths:3 | Found a one-way gate to the infinite horrors of the Abyss.
 34753 | Depths:3 | Found Gozag's Antique Weapon Shoppe.
 34756 | Depths:3 | Noticed a golden dragon
 34757 | Depths:3 | Found Gozag's Antique Weapon Emporium.
 34757 | Depths:3 | Found an opulent altar of Gozag.
 34758 | Depths:3 | Found Gozag's Antique Armour Shoppe.
 34857 | Depths:3 | Killed a golden dragon
 34950 | Depths:3 | Found a shimmering altar of Xom.
 35361 | Depths:5 | Entered Level 5 of the Depths
 35622 | Depths:5 | Reached XP level 23. HP: 226/226 MP: 28/28
 35738 | Depths:5 | Found a basalt altar of Yredelemnul.
 35850 | Depths:5 | Found Hiysch's Jewellery Shop.
 35851 | Depths:5 | Found Lellaxt's Gadget Emporium.
 35852 | Depths:5 | Found Visedwus's Jewellery Shop.
 36079 | Depths:5 | Found a gate to the Realm of Zot.
 36094 | Zot:1    | Entered Level 1 of the Realm of Zot
 36234 | Zot:1    | Noticed an orb of fire
 36242 | Zot:1    | Gained mutation: Your body sometimes deteriorates upon
                  | taking damage. [an orb of fire]
 36560 | Depths:5 | Lost mutation: Your flesh is cold resistant. (rC+) [potion
                  | of mutation]
 36560 | Depths:5 | Lost mutation: Your spells are a little harder to cast, but
                  | a little more powerful. [potion of mutation]
 36560 | Depths:5 | Lost mutation: Your body sometimes deteriorates upon taking
                  | damage. [potion of mutation]
 36560 | Depths:5 | Lost mutation: Your movements are slightly less encumbered
                  | by armour. (ER -2) [potion of mutation]
 36560 | Depths:5 | Gained mutation: You are frail. (-10% HP) [potion of
                  | mutation]
 36560 | Depths:5 | Gained mutation: Your mind is acute. (Int +2) [potion of
                  | mutation]
 36561 | Depths:5 | Lost mutation: You are frail. (-10% HP) [potion of
                  | mutation]
 36561 | Depths:5 | Lost mutation: Your mind is acute. (Int +2) [potion of
                  | mutation]
 36561 | Depths:5 | Gained mutation: Your spells are a little harder to cast,
                  | but a little more powerful. [potion of mutation]
 36561 | Depths:5 | Gained mutation: You are partially covered in iridescent
                  | scales. (AC +2) [potion of mutation]
 36642 | Zig:1    | Entered Level 1 of a ziggurat
 36667 | Zig:2    | Entered Level 2 of a ziggurat
 36687 | Zig:2    | Got a translucent scale mail
 36689 | Zig:2    | Identified the +0 scale mail of the Elephant {*Drain +Inv
                  | MR- Dex+6} (You found it on level 2 of a ziggurat)
 36758 | Zig:3    | Entered Level 3 of a ziggurat
 36812 | Zig:3    | Reached XP level 24. HP: 188/188 MP: 28/29
 36817 | Zig:4    | Entered Level 4 of a ziggurat
 36842 | Zig:4    | Identified Reloneif's Papyrus of Flight and the Compass
 36888 | Zig:5    | Entered Level 5 of a ziggurat
 36960 | Zig:5    | Reached skill level 10 in Evocations
 36960 | Zig:5    | Reached XP level 25. HP: 243/243 MP: 29/29
 36988 | Zig:6    | Entered Level 6 of a ziggurat
 36993 | Zig:6    | Noticed a juggernaut
 36998 | Zig:6    | Killed a juggernaut
 37024 | Zig:7    | Entered Level 7 of a ziggurat
 37072 | Zig:7    | Got a steaming plate armour
 37074 | Zig:7    | Identified the cursed +0 plate armour of Light {rF+ rN+
                  | rCorr} (You found it on level 7 of a ziggurat)
 37089 | Zig:8    | Entered Level 8 of a ziggurat
 37183 | Zig:8    | Got a smoking tin ring
 37257 | Zig:8    | Reached XP level 26. HP: 250/250 MP: 29/30
 37270 | Zig:8    | Identified the ring of Lucidity {AC+1 Str+2} (You found it
                  | on level 8 of a ziggurat)
 37278 | Zig:8    | Got a twisted ring mail
 37279 | Zig:8    | Identified the +5 ring mail of the Armoured One {Str+8
                  | Int+2} (You found it on level 8 of a ziggurat)
 37287 | Zig:9    | Entered Level 9 of a ziggurat
 37348 | Zig:9    | Got a flickering ivory ring
 37352 | Zig:9    | Identified the ring "Weveuque" {rF+ rC++ MR- Int+9 Dex-4}
                  | (You found it on level 9 of a ziggurat)
 37367 | Zig:9    | Identified a +1 pair of boots of running (You found it on
                  | level 9 of a ziggurat)
 37412 | Zig:10   | Entered Level 10 of a ziggurat
 37428 | Zig:10   | Found the +8 storm bow {elec, penet}
 37500 | Zig:10   | Identified the Grimoire of Feathery Companions
 37513 | Zig:10   | Identified the Disquisition on Floating Sinister Rites
 37515 | Zig:10   | Identified the Handbook of Darkness and Cold
 37534 | Zig:11   | Entered Level 11 of a ziggurat
 37546 | Zig:11   | Found the +8 whip "Snakebite" {curare, rPois}
 37556 | Zig:11   | Reached XP level 27. HP: 192/258 MP: 25/30
 37605 | Zig:11   | Got a heavily runed lead ring
 37608 | Zig:11   | Identified the cursed ring of the Saviour {AC-3 Str+4} (You
                  | found it on level 11 of a ziggurat)
 37642 | Zig:12   | Entered Level 12 of a ziggurat
 37754 | Zig:12   | Identified the Grimoire of Lethal Transformation
 37783 | Zig:13   | Entered Level 13 of a ziggurat
 37803 | Zig:13   | Noticed Dywumem the pandemonium lord
 37806 | Zig:13   | Found the +6 Majin-Bo {vamp, Archmagi MP+6 Int+6}
 37822 | Depths:2 | HP: 2/258 [Brimstone Fiend/damnation (41)]
 37827 | Depths:2 | Killed from afar by a Brimstone Fiend

Levels and vault maps discovered:
D:1:      dpeg_arrival_subterranean_lakeside_camping, layout_loops_ring
D:2:      layout_basic, uniq_terence
D:3:      layout_loops_ring, chequers_ecumenical_altar_simple, nrook_campfire
D:4:      layout_basic, old_standard_altar, nicolae_gozag_seed_capital,
          minmay_temple_entry_nine_rooms, first_ration, uniq_grinder, uniq_robin
D:5:      layout_basic, minivault_14, elyvilon_altar_3
D:6:      layout_cave_pods, gammafunk_temple_overflow_pools
D:7:      layout_loops_ring, nemelex_xobeh_ov_fountains_minmay, serial_shops,
          shop, shop, shop_fountains, shop_statue,
          lightli_ossuary_entry_decrepit_ruins, kennysheep_generic_room_2
D:8:      layout_cave_pools, grunt_temple_overflow_bloody_war, uniq_erica,
          uniq_harold
D:9:      layout_irregular_city, serial_shops, nicolae_shop_stone,
          serial_bayou_pond_d, cheibriados_altar_1
D:10:     minmay_smoke_and_mirrors, layout_rooms, gammafunk_ghost_hydra_chop,
          uniq_josephine, uniq_fannar
D:11:     layout_rooms, dpeg_oklobed_lair, david_orc_1_choice,
          gauntlet_entry_generic
D:12:     minmay_angry_zag, layout_long_grid, nicolae_trove_entry_columns,
          serial_shops, kennysheep_little_box
D:13:     layout_loops_ring, skrybe_vaults_entry_preservation, lightli_minifort
D:14:     minmay_the_grid_square_5x5_3x3 [minmay_the_grid_square_5x5_spiral,
          minmay_the_grid_square_5x5_seven,
          minmay_the_grid_square_5x5_pentomino_r,
          minmay_the_grid_square_5x5_intrusive_squares,
          minmay_the_grid_square_5x5_megaprize_hollow,
          minmay_the_grid_square_5x5_shuriken,
          minmay_the_grid_square_5x5_tri_point,
          minmay_the_grid_square_5x5_hollow_slash,
          minmay_the_grid_square_5x5_spiral_small], layout_cave_pools,
          nrook_pool_corridor, uniq_roxanne
D:15:     hangedman_depths_entry_try_elsewhere_first, layout_rooms,
          serial_bayou_ford_a
Lair:1:   gammafunk_lair_enchanted_lake, layout_long_grid, grunt_megastairs_2,
          serial_bayou_shore_b, minmay_lair_oklob_chamber,
          infiniplex_staircase_pool_2
Lair:2:   layout_chaotic_city
Lair:3:   layout_roguey, gammafunk_ghost_berserking_beasts
Lair:4:   wad_woods_minihive, layout_long_grid, shoals_dummy_entry,
          spider_nest_entry_a
Lair:5:   layout_concentric_octagons, nicolae_volcano_entry_s_turn,
          chequers_serial_rivers_micro_b, serial_bayou_shore_b
Lair:6:   cheibrodos_lair_end_hotspot, layout_regular_city,
          minmay_slime_entry_jelly_boxes, basic_altar
Shoals:1: layout_shoals
Shoals:2: layout_shoals, nicolae_shoals_isolated_beach, uniq_polyphemus,
          uniq_ilsuiw
Shoals:3: layout_shoals
Shoals:4: shoals_end_hangedman, layout_shoals
Spider:1: layout_spider_delve, spiders_nest_hornet_nest
Spider:2: layout_spider_delve, uniq_donald
Spider:3: layout_chambers, gammafunk_ghost_arena, drop_trap, uniq_azrael,
          uniq_aizul, uniq_arachne
Spider:4: grunt_spider_rune_parallel
Orc:1:    layout_caves
Orc:2:    pf_orc_diabolical, layout_caves
Elf:1:    minmay_elf_arrival_summoners, layout_loops_corners, minmay_elf_sorcery
Elf:2:    layout_gridlike, minivault_16, uniq_asterion, uniq_jorgrun
Elf:3:    minmay_elf_hall_quartered_circle, layout_gridlike
Vaults:1: vaults_dpeg_ring, nicolae_vaults_bisected_slash,
          hangedman_vaults_pinch, vaults_mumra_minichess, v_misc_18,
          nicolae_vaults_c_with_doors, hangedman_vaults_trim,
          nicolae_vaults_diagonal_hallway_8, nicolae_vaults_mini_display_case,
          ontoclasm_vaults_misaligned, layout_vaults_omnicross
Vaults:2: minmay_crypt_entry_simple_round, ontoclasm_vaults_misaligned,
          ontoclasm_vaults_twist, vaults_mumra_hex, vaults_room_pools,
          nicolae_vaults_quartermaster, vaults_room_pools, vaults_room_pool,
          ontoclasm_vaults_decontamination, layout_vaults_chaotic_city,
          serial_shops, nicolae_shop_behind_doors
Vaults:3: v_pattern_4, hangedman_vaults_restitches, v_misc_1, st_cells,
          vaults_dpeg_encased_lava, v_rooms_3, nicolae_vaults_little_squares_5,
          nicolae_vaults_ring_of_whatevers, v_alt_pattern_1,
          vaults_standard_mumra_enter_the_diamond, v_misc_30, v_misc_15,
          ontoclasm_vaults_bender, grunt_vaults_hallway_long,
          layout_vaults_omnibox, uniq_bai_suzhen
Vaults:4: nicolae_vaults_puzzle_piece, v_misc_15, nicolae_vaults_big_ls,
          dpeg_vaults_monster_box, ontoclasm_vaults_misaligned, v_rooms_2,
          nicolae_vaults_network_s, v_misc_31, nicolae_vaults_rhombus_5,
          nicolae_vaults_little_squares_3, vaults_room_hallway,
          layout_vaults_ring, serial_shops, freezing_bzr, shop_statue, shop,
          shop, uniq_jory
Vaults:5: serial_shops
Depths:1: layout_cave_shapes, kennysheep_cross_room, grunt_hell_horde,
          serial_bayou_lake_a, serial_bayou_shore_b
Depths:2: minmay_box_of_statues, layout_cave_pools, enter_ziggurat_e, pan_entry,
          chequers_serial_rivers_small_3, hell_entry, st_stairs_13
Depths:3: kennysheep_gozag_temple, layout_cave_pools, pan_entry, chequers_jeans,
          abyss_entry, hellmouth_1, dk_noncrumbling_4, minmay_tree_intersection,
          xom_teletrap_fun
Depths:4: kennysheep_blocky_room, layout_twisted_cross, hell_entry,
          abyss_entry_flame_altar, special_room [special_room_jelly],
          dk_noncrumbling_2, nicolae_transmutations_shop, bh_chokoban,
          grunt_ministairs_15, uniq_xtahua
Depths:5: grunt_zot_entry_gee_three, layout_honeycomb,
          pf_vacation_house_of_asmodeus, bh_walls_and_bars, pan_entry,
          hangedman_blasphemy, minmay_shop_grove
Zot:1:    layout_gridlike, grunt_megastairs_3

Skill      XL: |  1  2  3  4  5  6  7  8  9 10 11 12 13 14 15 16 17 18 19 20 21 22 23 24 25 26 27 |
---------------+----------------------------------------------------------------------------------+-----
Armour         | 4 5 6 7 8 9 10 11 13 14 15 17 18 19 20 21 | 21.1
Fighting       | 4 5 6 7 8 10 11 12 14 15 16 17 19 21 23 | 23.1
Shields        | 4 5 6 8 9 10 11 12 13 14 15 | 15.0
Long Blades    | 3 4 5 6 8 10 12 13 14 15 16 17 19 20 | 20.2
Dodging        | 1 2 3 4 5 7 9 11 17 19 20 21 22 | 22.5
Throwing       | 1 2 3 4 5 7 10 12 14 15 16 | 16.3
Stealth        | 1 2 3 4 |  4.6
Evocations     | 1 2 5 6 7 8 9 10 11 | 11.4

Action                   |  1- 3 |  4- 6 |  7- 9 | 10-12 | 13-15 | 16-18 | 19-21 | 22-24 | 25-27 || total
-------------------------+-------+-------+-------+-------+-------+-------+-------+-------+-------++-------
Melee: Long sword        |    69 |   131 |   304 |     4 |   265 |       |       |       |       ||   773
       Headbutt          |    14 |    29 |    64 |   116 |   405 |   343 |   534 |   339 |   148 ||  1992
       Scimitar          |       |       |       |   458 |   938 |   118 |       |       |       ||  1514
       Demon blade       |       |       |       |       |       |   946 |  1442 |   932 |   486 ||  3806
       Great sword       |       |       |       |       |       |    11 |    77 |       |       ||    88
Throw: Javelin           |       |     4 |    16 |    21 |     9 |     8 |       |       |       ||    58
       Throwing net      |       |     4 |     1 |     7 |       |       |       |       |       ||    12
       Boomerang         |       |       |     2 |       |   318 |   620 |   108 |    62 |     5 ||  1115
       Dart              |       |       |       |    32 |       |       |       |       |       ||    32
Invok: Lunge             |       |    10 |    22 |    23 |    73 |    45 |    88 |    46 |    44 ||   351
       Whirlwind         |       |       |     7 |     5 |    32 |    41 |   516 |   440 |   275 ||  1316
       Serpent's Lash    |       |       |       |     2 |     5 |     7 |    16 |    10 |     8 ||    48
       Heavenly Storm    |       |       |       |       |       |       |     2 |     1 |     1 ||     4
 Abil: Blink             |       |       |     2 |       |     4 |       |       |       |       ||     6
       Evoke Invisibilit |       |       |       |     1 |     4 |       |     2 |     1 |     3 ||    11
Evoke: Wand              |       |       |       |     5 |    22 |     6 |       |       |     1 ||    34
  Use: Scroll            |       |    12 |     5 |    13 |    13 |    16 |    16 |     6 |    17 ||    98
       Potion            |       |     1 |     4 |    14 |     2 |     6 |     1 |     7 |     6 ||    41
 Stab: Distracted        |       |       |     1 |       |       |     1 |     1 |       |       ||     3
       Invisible         |       |       |       |     1 |    18 |       |     1 |    10 |    19 ||    49
       Held in net/web   |       |       |       |     1 |       |     4 |       |       |       ||     5
       Petrified         |       |       |       |       |     7 |       |       |       |    10 ||    17
       Petrifying        |       |       |       |       |     2 |       |       |       |     3 ||     5
       Paralysed         |       |       |       |       |     1 |       |       |       |       ||     1
  Eat: Chunk             |       |     1 |    11 |     1 |    12 |     2 |     6 |     3 |       ||    36
       Ration            |       |     2 |       |     8 |     4 |     6 |     6 |     5 |       ||    31
Armor: Scale mail        |    27 |    38 |   101 |    15 |       |       |       |       |       ||   181
       Plate armour      |       |       |       |   128 |   304 |       |       |       |       ||   432
       Crystal plate arm |       |       |       |       |   149 |   669 |   503 |   289 |    20 ||  1630
       Gold dragon scale |       |       |       |       |       |       |       |       |   164 ||   164
Dodge: Dodged            |    19 |    39 |    84 |   117 |   347 |   352 |   402 |   420 |   310 ||  2090
Block: Kite shield       |    36 |    61 |   147 |    83 |       |       |       |       |       ||   327
       Tower shield      |       |       |       |    56 |       |       |       |       |       ||    56
       Buckler           |       |       |       |    64 |   479 |   564 |   450 |   354 |   184 ||  2095
       Reflection        |       |       |       |    10 |    45 |    70 |    75 |    63 |    18 ||   281
       Rpst.: Long sword |     9 |     8 |    20 |       |    27 |       |       |       |       ||    64
       Scimitar          |       |       |       |    27 |    55 |     6 |       |       |       ||    88
       Demon blade       |       |       |       |       |       |    54 |    63 |    57 |    46 ||   220
       Great sword       |       |       |       |       |       |     1 |     2 |       |       ||     3

Table legend:
 A = Non-vault XP
 B = Vault XP
 C = Vault XP percentage of total XP
 D = Non-vault monster count
 E = Vault monster count
 F = Vault count percentage of total count
                 A         B        C        D         E       F
            +---------+---------+-------+---------+---------+-------
      Total |  607915 |  423986 |  41.1 |    1329 |     616 |  31.7
            +---------+---------+-------+---------+---------+-------
        D:1 |      13 |       8 |  38.1 |       8 |       6 |  42.9
        D:2 |      98 |      36 |  26.9 |      21 |       1 |   4.5
        D:3 |     188 |       0 |   0.0 |      30 |       0 |   0.0
        D:4 |     325 |     330 |  50.4 |      13 |      12 |  48.0
        D:5 |     211 |       0 |   0.0 |       9 |       0 |   0.0
        D:6 |     981 |       0 |   0.0 |      14 |       0 |   0.0
        D:7 |    1915 |      84 |   4.2 |      30 |       2 |   6.2
        D:8 |    2036 |    2078 |  50.5 |      34 |       3 |   8.1
        D:9 |     953 |       0 |   0.0 |      17 |       0 |   0.0
       D:10 |    1619 |    8191 |  83.5 |      17 |      14 |  45.2
       D:11 |    6969 |    1063 |  13.2 |      43 |      10 |  18.9
       D:12 |    7567 |    1424 |  15.8 |      37 |       3 |   7.5
       D:13 |    9648 |    7247 |  42.9 |      31 |      16 |  34.0
       D:14 |    4410 |    2058 |  31.8 |      21 |       1 |   4.5
       D:15 |    4353 |    3051 |  41.2 |      18 |       4 |  18.2
     Lair:1 |    2780 |    2937 |  51.4 |      13 |       9 |  40.9
     Lair:2 |    2592 |       0 |   0.0 |       8 |       0 |   0.0
     Lair:3 |    6708 |       0 |   0.0 |      27 |       0 |   0.0
     Lair:4 |    4643 |    3368 |  42.0 |      16 |      48 |  75.0
     Lair:5 |    7878 |       0 |   0.0 |      17 |       0 |   0.0
     Lair:6 |   18825 |    9368 |  33.2 |      63 |      40 |  38.8
   Shoals:1 |   12804 |       0 |   0.0 |      25 |       0 |   0.0
   Shoals:2 |   11357 |   13012 |  53.4 |      31 |      13 |  29.5
   Shoals:3 |    9705 |     273 |   2.7 |      16 |       1 |   5.9
   Shoals:4 |   11379 |   10835 |  48.8 |      26 |      16 |  38.1
   Spider:1 |    7936 |       0 |   0.0 |      24 |       0 |   0.0
   Spider:2 |    5002 |       0 |   0.0 |      12 |       0 |   0.0
   Spider:3 |    8559 |    2158 |  20.1 |      20 |       6 |  23.1
   Spider:4 |   15123 |   23287 |  60.6 |      37 |      47 |  56.0
      Orc:1 |    2613 |       0 |   0.0 |      13 |       0 |   0.0
      Orc:2 |    2022 |   15873 |  88.7 |      16 |      63 |  79.7
      Elf:1 |    8261 |    5720 |  40.9 |      12 |      10 |  45.5
      Elf:2 |   19150 |   27439 |  58.9 |      34 |      29 |  46.0
      Elf:3 |   18305 |   47322 |  72.1 |      31 |      31 |  50.0
   Vaults:1 |   20179 |   13097 |  39.4 |      40 |      32 |  44.4
   Vaults:2 |   22137 |       0 |   0.0 |      33 |       0 |   0.0
   Vaults:3 |   25241 |   10182 |  28.7 |      45 |      15 |  25.0
   Vaults:4 |   24342 |   13727 |  36.1 |      34 |      14 |  29.2
   Vaults:5 |   27440 |  124540 |  81.9 |      37 |      92 |  71.3
   Depths:1 |    8736 |       0 |   0.0 |      13 |       0 |   0.0
   Depths:2 |   40597 |   21439 |  34.6 |      52 |      21 |  28.8
   Depths:3 |   48761 |   13460 |  21.6 |      65 |      13 |  16.7
   Depths:5 |   21235 |   40200 |  65.4 |      24 |      28 |  53.8
      Zot:1 |   20343 |       0 |   0.0 |      14 |       0 |   0.0
    Abyss:2 |    7127 |       0 |   0.0 |      14 |       0 |   0.0
      Zig:1 |    1571 |       0 |   0.0 |       2 |       0 |   0.0
      Zig:2 |    1897 |       0 |   0.0 |       2 |       0 |   0.0
      Zig:3 |    2104 |       0 |   0.0 |       5 |       0 |   0.0
      Zig:4 |    4578 |       0 |   0.0 |       5 |       0 |   0.0
      Zig:5 |   12933 |       0 |   0.0 |      28 |       0 |   0.0
      Zig:6 |   14357 |       0 |   0.0 |       6 |       0 |   0.0
      Zig:7 |   10570 |       0 |   0.0 |      12 |       0 |   0.0
      Zig:8 |    9618 |       0 |   0.0 |      21 |       0 |   0.0
      Zig:9 |   15738 |       0 |   0.0 |      11 |       0 |   0.0
     Zig:10 |   16806 |       0 |   0.0 |      20 |       0 |   0.0
     Zig:11 |   14504 |       0 |   0.0 |      30 |       0 |   0.0
     Zig:12 |   17183 |       0 |   0.0 |      29 |       0 |   0.0
     Zig:13 |    2990 |       0 |   0.0 |       3 |       0 |   0.0
    Ossuary |       0 |     179 | 100.0 |       0 |      16 | 100.0
            +---------+---------+-------+---------+---------+-------
